[Event "94th Tradewise Hastings Congress"]
[Site "Hastings"]
[Date "2019.01.04"]
[Round "8"]
[White "Spiegel, Stefan"]
[Black "Royal, Shreyas"]
[Result "1/2-1/2"]
[ECO "B21"]
[WhiteElo "2124"]
[BlackElo "1930"]
[Annotator "NA"]
[PlyCount "47"]
[EventDate "2018.12.28"]
[EventType "swiss"]
[EventCountry "ENG"]
[SourceTitle "playchess.com"]
[Source "ChessBase"]
[SourceQuality "1"]
[TimeControl "40/6000+30:3000+30"]

1. e4 c5 2. Be2 Nc6 3. f4 e6 4. Nf3 d5 5. d3 Bd6 6. O-O Nge7 7. c3 Bc7 8. Na3 a6 9. Nc2 O-O 10. b4 cxb4 11. cxb4 b6 12. Qe1 Bb7 13. Be3 Rc8 14. Rc1 a5 15. e5 axb4 16. d4 Ra8 17. Ra1 Ra5 18. Nxb4 Qd7 19. Bd2 Nxb4 20. Bxb4 Ra7 21. Qc3 Rfa8 22. a3 Ba6 23. Bxa6 Rxa6 24. Rfc1 1/2-1/2

[Event "94th Tradewise Hastings Congress"]
[Site "Hastings"]
[Date "2019.01.04"]
[Round "8"]
[White "Taylor, Adam A"]
[Black "Peek, Marcel"]
[Result "1/2-1/2"]
[ECO "A09"]
[WhiteElo "2122"]
[BlackElo "2293"]
[Annotator "NA"]
[PlyCount "48"]
[EventDate "2018.12.28"]
[EventType "swiss"]
[EventCountry "ENG"]
[SourceTitle "playchess.com"]
[Source "ChessBase"]
[SourceQuality "1"]
[TimeControl "40/6000+30:3000+30"]

1. Nf3 d5 2. c4 d4 3. e3 Nc6 4. exd4 Nxd4 5. Nxd4 Qxd4 6. d3 c6 7. Nc3 Nh6 8. Be3 Qd8 9. d4 Nf5 10. Qd2 g6 11. Be2 Bg7 12. Rd1 O-O 13. O-O Nxe3 14. Qxe3 Re8 15. d5 cxd5 16. Rxd5 Qb6 17. Qxb6 axb6 18. Rc1 Bxc3 19. Rxc3 Rxa2 20. Rb3 Ra1+ 21. Rd1 Rxd1+ 22. Bxd1 Be6 23. Bf3 Ra8 24. h4 Bxc4 1/2-1/2

[Event "94th Tradewise Hastings Congress"]
[Site "Hastings"]
[Date "2019.01.04"]
[Round "8"]
[White "Snape, Ian L"]
[Black "Norinkeviciute, Rasa"]
[Result "1-0"]
[ECO "B86"]
[WhiteElo "2112"]
[BlackElo "2028"]
[Annotator "NA"]
[PlyCount "103"]
[EventDate "2018.12.28"]
[EventType "swiss"]
[EventCountry "ENG"]
[SourceTitle "playchess.com"]
[Source "ChessBase"]
[SourceQuality "1"]
[TimeControl "40/6000+30:3000+30"]

1. e4 c5 2. Nf3 d6 3. d4 cxd4 4. Nxd4 Nf6 5. Nc3 a6 6. Bc4 e6 7. Bb3 Qc7 8. Be3 b5 9. f3 Nc6 10. Nxc6 Qxc6 11. Qe2 Be7 12. a4 b4 13. a5 O-O 14. Na4 Nd7 15. Nb6 Nxb6 16. Bxb6 Bf6 17. O-O-O Bd8 18. Bxd8 Rxd8 19. Rd4 Qc5 20. Rhd1 Bb7 21. Qd2 Qxa5 22. Kb1 d5 23. Qxb4 Qc7 24. exd5 Bxd5 25. Bxd5 exd5 26. g3 Rab8 27. Qd2 Rb5 28. c4 Rc5 29. Rxd5 Rcxd5 30. cxd5 Qd6 31. Qd4 h5 32. Qe4 g6 33. f4 Kg7 34. Qe5+ f6 35. Qxd6 Rxd6 36. Kc2 Kf7 37. b4 Ke7 38. Kc3 Rd8 39. Kd4 Rc8 40. Re1+ Kf7 41. Re2 Rb8 42. Kc5 Rb5+ 43. Kc4 Rb7 44. Re6 Rc7+ 45. Rc6 Ra7 46. Kc5 Re7 47. d6 Re2 48. Rc7+ Kf8 49. Ra7 Rxh2 50. Ra8+ Kf7 51. d7 Rc2+ 52. Kb6 1-0

[Event "94th Tradewise Hastings Congress"]
[Site "Hastings"]
[Date "2019.01.04"]
[Round "8"]
[White "White, Stuart A"]
[Black "Song, Jinwoo"]
[Result "1/2-1/2"]
[ECO "E90"]
[WhiteElo "2096"]
[BlackElo "1907"]
[Annotator "NA"]
[PlyCount "60"]
[EventDate "2018.12.28"]
[EventType "swiss"]
[EventCountry "ENG"]
[SourceTitle "playchess.com"]
[Source "ChessBase"]
[SourceQuality "1"]
[TimeControl "40/6000+30:3000+30"]

1. d4 Nf6 2. c4 g6 3. Nc3 Bg7 4. e4 d6 5. Nf3 O-O 6. h3 e5 7. d5 a5 8. Bg5 h6 9. Be3 Kh7 10. Be2 b6 11. g4 Na6 12. Nd2 Nd7 13. h4 Ndc5 14. g5 h5 15. Nf1 f5 16. Bxh5 fxe4 17. Be2 Bf5 18. Ng3 Nd3+ 19. Bxd3 exd3 20. Nxf5 Rxf5 21. Qxd3 Nc5 22. Bxc5 bxc5 23. Ne4 Qf8 24. Rh3 Rf4 25. h5 Qf5 26. hxg6+ Kxg6 27. Re3 Rh8 28. O-O-O Rhh4 29. Rde1 Bf8 30. Qe2 Be7 1/2-1/2

[Event "94th Tradewise Hastings Congress"]
[Site "Hastings"]
[Date "2019.01.04"]
[Round "8"]
[White "Willson, Ollie"]
[Black "Ruane, Brendan J"]
[Result "1-0"]
[ECO "D35"]
[WhiteElo "2081"]
[BlackElo "1870"]
[Annotator "NA"]
[PlyCount "67"]
[EventDate "2018.12.28"]
[EventType "swiss"]
[EventCountry "ENG"]
[SourceTitle "playchess.com"]
[Source "ChessBase"]
[SourceQuality "1"]
[TimeControl "40/6000+30:3000+30"]

1. d4 d5 2. c4 e6 3. Nf3 a6 4. cxd5 exd5 5. Nc3 Nf6 6. Bg5 Be6 7. e3 Nbd7 8. Bd3 Be7 9. O-O O-O 10. Rc1 c5 11. dxc5 Nxc5 12. Be2 Rc8 13. Bf4 Bg4 14. h3 Bh5 15. g4 Bg6 16. Ne5 Nce4 17. Nxg6 fxg6 18. Nxe4 dxe4 19. Qb3+ Kh8 20. Rcd1 Qa5 21. Qxb7 Ng8 22. Qxa6 Qb4 23. Qb5 Rc2 24. Be5 Rxe2 25. Qxe2 Rf3 26. Rd4 Qb7 27. Kg2 Bc5 28. Rc4 Qd5 29. Bg3 h5 30. Qc2 Bxe3 31. fxe3 Rxe3 32. Rc5 Qa8 33. Rc8 Qd5 34. Qc4 1-0

[Event "94th Tradewise Hastings Congress"]
[Site "Hastings"]
[Date "2019.01.04"]
[Round "8"]
[White "Brown, Thomas"]
[Black "Moore, Graham J"]
[Result "1/2-1/2"]
[ECO "A06"]
[WhiteElo "2068"]
[BlackElo "2235"]
[Annotator "NA"]
[PlyCount "105"]
[EventDate "2018.12.28"]
[EventType "swiss"]
[EventCountry "ENG"]
[SourceTitle "playchess.com"]
[Source "ChessBase"]
[SourceQuality "1"]
[TimeControl "40/6000+30:3000+30"]

1. Nf3 d5 2. c4 e6 3. b3 Nf6 4. Bb2 Be7 5. e3 c5 6. cxd5 exd5 7. Be2 O-O 8. O-O Nc6 9. d4 b6 10. Nc3 Ne4 11. dxc5 Nxc3 12. Bxc3 bxc5 13. Qd2 Be6 14. Ne5 Nxe5 15. Bxe5 Qb6 16. Bf3 Rfd8 17. Rfd1 Rd7 18. h3 Rad8 19. Bc3 Rb8 20. Qb2 Bf8 21. Rd2 Qd8 22. Rad1 Qg5 23. Be5 Rbd8 24. Bf4 Qg6 25. h4 f6 26. Qb1 Bf5 27. h5 Bxb1 28. hxg6 Bxg6 29. Rxd5 Rxd5 30. Rxd5 Rxd5 31. Bxd5+ Bf7 32. e4 Bxd5 33. exd5 Kf7 34. Kf1 Ke8 35. Ke2 Kd7 36. Kd3 h5 37. f3 Be7 38. Kc4 g5 39. Be3 f5 40. Bxc5 Bxc5 41. Kxc5 h4 42. Kd4 Kd6 43. a4 a5 44. b4 g4 45. fxg4 fxg4 46. bxa5 h3 47. gxh3 gxh3 48. a6 Kc7 49. a7 Kb7 50. d6 h2 51. d7 h1=Q 52. a8=Q+ Kxa8 53. d8=Q+ 1/2-1/2

[Event "94th Tradewise Hastings Congress"]
[Site "Hastings"]
[Date "2019.01.04"]
[Round "8"]
[White "Ratnesan, Ranesh"]
[Black "Graham, David B"]
[Result "1-0"]
[ECO "D71"]
[WhiteElo "2055"]
[BlackElo "2208"]
[Annotator "NA"]
[PlyCount "129"]
[EventDate "2018.12.28"]
[EventType "swiss"]
[EventCountry "ENG"]
[SourceTitle "playchess.com"]
[Source "ChessBase"]
[SourceQuality "1"]
[TimeControl "40/6000+30:3000+30"]

1. d4 Nf6 2. c4 g6 3. g3 Bg7 4. Bg2 d5 5. cxd5 Nxd5 6. Nc3 Nxc3 7. bxc3 c5 8. e3 Nc6 9. Ne2 O-O 10. O-O Qc7 11. Ba3 cxd4 12. cxd4 Bg4 13. h3 Qa5 14. Bc5 Be6 15. Qd3 Rfd8 16. Qc3 Qxc3 17. Nxc3 Bc4 18. Rfd1 e6 19. Rab1 Rd7 20. Rd2 Rc8 21. Ne4 Rcd8 22. Nc3 Bd5 23. Nxd5 exd5 24. Rc2 Bf8 25. Rb5 Bxc5 26. Rcxc5 Ne7 27. h4 f5 28. Rb1 Kf7 29. Bf1 Rc8 30. Rbc1 Rxc5 31. Rxc5 a6 32. a4 Ke6 33. Kg2 Kd6 34. Kf3 Ng8 35. Rc2 Nf6 36. Rb2 Rc7 37. Rb6+ Ke7 38. Be2 Ne4 39. Bd3 Nd6 40. g4 Rc3 41. Bb1 fxg4+ 42. Kxg4 Rc1 43. Ba2 Rc6 44. Rb2 Ke6 45. f3 Nc4 46. Re2 b5 47. axb5 axb5 48. e4 Ra6 49. h5 gxh5+ 50. Kxh5 Ra3 51. Kg4 b4 52. exd5+ Kxd5 53. Re5+ Kxd4 54. Re4+ Kc5 55. Bxc4 b3 56. Bd3 b2 57. Bb1 h5+ 58. Kg3 Ra1 59. Re1 Kd4 60. f4 Kc3 61. f5 Kd2 62. Rf1 Ra3+ 63. Kg2 Rc3 64. f6 Rc1 65. f7 1-0

[Event "94th Tradewise Hastings Congress"]
[Site "Hastings"]
[Date "2019.01.04"]
[Round "8"]
[White "Rice, Chris B"]
[Black "Willow, Jonah B"]
[Result "1-0"]
[ECO "A36"]
[WhiteElo "1963"]
[BlackElo "2218"]
[Annotator "ChessBase"]
[PlyCount "169"]
[EventDate "2018.12.28"]
[EventType "swiss"]
[EventCountry "ENG"]
[SourceTitle "playchess.com"]
[Source "ChessBase"]
[SourceQuality "1"]
[TimeControl "40/6000+30:3000+30"]

1. c4 c5 2. g3 g6 3. Bg2 Bg7 4. Nc3 Nc6 5. a3 e6 6. b4 Nxb4 7. axb4 cxb4 8. d4 bxc3 9. e3 Ne7 10. Ne2 d5 11. cxd5 Nxd5 12. Ba3 Bf8 13. Bxf8 Kxf8 14. O-O Kg7 15. Qb3 b6 16. e4 Nf6 17. e5 Nd5 18. Nxc3 Bb7 19. Nb5 a5 20. Rfc1 Rb8 21. Nd6 Ba8 22. Rc4 Qg5 23. h4 Qe7 24. Rac1 Rhd8 25. Qa3 Kg8 26. Qb2 Rxd6 27. exd6 Qxd6 28. Rc8+ Kg7 29. R8c4 h6 30. Kh2 Bb7 31. Kg1 Kh7 32. Qb1 Kg7 33. Qb2 Ra8 34. Qb3 Rd8 35. Qb2 Rd7 36. Kh2 Kh7 37. Qb1 Nf6 38. Bxb7 Rxb7 39. Qb5 Qd5 40. Qb2 Qd7 41. Rc6 Nd5 42. h5 gxh5 43. Qc2+ Kg7 44. Qe2 Nf6 45. Qe5 Qd5 46. Qf4 Qg5 47. Qf3 Qg4 48. Qe3 Qe4 49. Qd2 h4 50. R6c3 Rd7 51. Rd1 Nd5 52. Rd3 h3 53. Kxh3 Nb4 54. Re3 Qc2 55. Qe1 Qf5+ 56. g4 Qf4 57. Re4 Qf3+ 58. Kh2 Nc2 59. Qe2 Qxe2 60. Rxe2 Nxd4 61. Kg2 Rd5 62. Rb2 b5 63. Rbd2 e5 64. f4 f6 65. fxe5 fxe5 66. Rf1 Rd7 67. Re1 Kf6 68. Rf2+ Ke6 69. Ref1 Kd5 70. Rf6 e4 71. Rxh6 e3 72. g5 e2 73. Re1 Rg7 74. g6 Kc4 75. Kf2 a4 76. Rg1 Kd3 77. Rh7 Rg8 78. Rd7 Rf8+ 79. Rf7 Rg8 80. Rd7 a3 81. Rg4 a2 82. Rgxd4+ Kc3 83. Rd3+ Kb2 84. Rd2+ Kb1 85. Rxe2 1-0

[Event "94th Tradewise Hastings Congress"]
[Site "Hastings"]
[Date "2019.01.04"]
[Round "8"]
[White "Heinsohn, Michael"]
[Black "Stoyanov, Viktor"]
[Result "0-1"]
[ECO "D85"]
[WhiteElo "1961"]
[BlackElo "2205"]
[Annotator "NA"]
[PlyCount "62"]
[EventDate "2018.12.28"]
[EventType "swiss"]
[EventCountry "ENG"]
[SourceTitle "playchess.com"]
[Source "ChessBase"]
[SourceQuality "1"]
[TimeControl "40/6000+30:3000+30"]

1. d4 Nf6 2. c4 g6 3. Nc3 d5 4. cxd5 Nxd5 5. e4 Nxc3 6. bxc3 Bg7 7. Bg5 c5 8. Rc1 O-O 9. Nf3 Bg4 10. d5 Qd6 11. Be2 Nd7 12. O-O e6 13. dxe6 Qxd1 14. exf7+ Rxf7 15. Rfxd1 Be6 16. Rd2 h6 17. Be3 g5 18. h3 Rc8 19. Rd6 Bxa2 20. Ra1 Bb3 21. Rxa7 Nf6 22. e5 Ne4 23. Rb6 Nxc3 24. Bd3 Bd5 25. Rd6 c4 26. Bg6 Re7 27. Bf5 Rf8 28. Rxd5 Nxd5 29. Be4 Nxe3 30. fxe3 c3 31. e6 Kh8 0-1

[Event "94th Tradewise Hastings Congress"]
[Site "Hastings"]
[Date "2019.01.04"]
[Round "8"]
[White "Byrn, Carsten"]
[Black "Groffen, Hans"]
[Result "1/2-1/2"]
[ECO "A27"]
[WhiteElo "1959"]
[BlackElo "2120"]
[Annotator "NA"]
[PlyCount "71"]
[EventDate "2018.12.28"]
[EventType "swiss"]
[EventCountry "ENG"]
[SourceTitle "playchess.com"]
[Source "ChessBase"]
[SourceQuality "1"]
[TimeControl "40/6000+30:3000+30"]

1. c4 e5 2. g3 Nc6 3. Nc3 f5 4. Nf3 Nf6 5. d4 e4 6. Nh4 d6 7. Bg5 Be7 8. e3 O-O 9. Ng2 h6 10. Bxf6 Bxf6 11. h4 Ne7 12. Nf4 c6 13. Qb3 Qe8 14. h5 Qf7 15. Be2 Bg5 16. O-O-O a6 17. Kb1 b5 18. cxb5 Qxb3 19. axb3 axb5 20. b4 d5 21. Kc2 Bd7 22. Ra1 Rfb8 23. Ra3 Rxa3 24. bxa3 Nc8 25. Ra1 Be7 26. Nb1 Ra8 27. Kb2 Nb6 28. Nc3 Kf7 29. Rg1 Bd6 30. Ra1 Kf6 31. Kb3 Be8 32. a4 bxa4+ 33. Nxa4 c5 34. Nxb6 Rxa1 35. Nfxd5+ Ke6 36. dxc5 {[%emt 0:21:01] Kf6 [%clk 00:56:32]} 1/2-1/2

[Event "94th Tradewise Hastings Congress"]
[Site "Hastings"]
[Date "2019.01.04"]
[Round "8"]
[White "Larsen, Andreas"]
[Black "Sumit, Kumar"]
[Result "0-1"]
[ECO "C47"]
[WhiteElo "1933"]
[BlackElo "2179"]
[Annotator "NA"]
[PlyCount "48"]
[EventDate "2018.12.28"]
[EventType "swiss"]
[EventCountry "ENG"]
[SourceTitle "playchess.com"]
[Source "ChessBase"]
[SourceQuality "1"]
[TimeControl "40/6000+30:3000+30"]

1. e4 e5 2. Nf3 Nc6 3. Nc3 Nf6 4. Nxe5 Nxe5 5. d4 Ng6 6. e5 Ng8 7. Bc4 c6 8. Qe2 b5 9. Bb3 Bb4 10. h4 Nxh4 11. Kf1 Nf5 12. Nxb5 cxb5 13. Qe4 Rb8 14. Qxf5 d5 15. Qd3 g6 16. Bf4 Be6 17. a4 bxa4 18. Bxa4+ Kf8 19. Qe3 Kg7 20. Bb3 a5 21. Bg5 Be7 22. Bf6+ Nxf6 23. exf6+ Bxf6 24. Re1 h5 0-1

[Event "94th Tradewise Hastings Congress"]
[Site "Hastings"]
[Date "2019.01.04"]
[Round "8"]
[White "Salmons, Calum"]
[Black "Rayner, Francis"]
[Result "1-0"]
[ECO "B25"]
[WhiteElo "1905"]
[BlackElo "2048"]
[Annotator "NA"]
[PlyCount "134"]
[EventDate "2018.12.28"]
[EventType "swiss"]
[EventCountry "ENG"]
[SourceTitle "playchess.com"]
[Source "ChessBase"]
[SourceQuality "1"]
[TimeControl "40/6000+30:3000+30"]

1. e4 c5 2. Nc3 Nc6 3. f4 g6 4. Nf3 Bg7 5. d3 d6 6. g3 e6 7. Be3 Nge7 8. Bg2 O-O 9. O-O b6 10. d4 Ba6 11. Re1 cxd4 12. Nxd4 Qd7 13. Qd2 Na5 14. b3 Rac8 15. Rad1 Rc7 16. Bf1 Bxf1 17. Rxf1 Rfc8 18. Ncb5 Rc5 19. c4 a6 20. Na3 Qb7 21. f5 exf5 22. exf5 Nxf5 23. Nxf5 Rxf5 24. Rxf5 gxf5 25. Qxd6 Nc6 26. Nc2 Ne5 27. Qxb6 Nf3+ 28. Kf2 Qa8 29. h3 Qe4 30. Rd8+ Rxd8 31. Qxd8+ Bf8 32. Qd1 Ne5 33. Ne1 Bb4 34. Nf3 Nd3+ 35. Ke2 Ne5 36. Qd8+ Bf8 37. Nxe5 Qxe5 38. Qg5+ Bg7 39. Qf4 Qb2+ 40. Kf3 Qb1 41. Bc5 Qf1+ 42. Ke3 Qe1+ 43. Kd3 Qd1+ 44. Qd2 Qf3+ 45. Kc2 Qe4+ 46. Qd3 Qg2+ 47. Kd1 Qh1+ 48. Ke2 Qg2+ 49. Ke1 Qh1+ 50. Ke2 Qg2+ 51. Bf2 Qxh3 52. Qd8+ Bf8 53. Bc5 Qg2+ 54. Kd1 Qf1+ 55. Kd2 Qg2+ 56. Kc1 Qh1+ 57. Kb2 Qh2+ 58. Ka3 Qh6 59. Kb4 Qg7 60. Qxf8+ Qxf8 61. Bxf8 Kxf8 62. Kc3 Ke7 63. Kd4 Kd6 64. b4 h5 65. Ke3 Ke5 66. b5 axb5 67. cxb5 Kd5 1-0

[Event "94th Tradewise Hastings Congress"]
[Site "Hastings"]
[Date "2019.01.04"]
[Round "8"]
[White "Chapman, Matt"]
[Black "Rolvag, Mikael"]
[Result "1/2-1/2"]
[ECO "C09"]
[WhiteElo "1902"]
[BlackElo "2107"]
[Annotator "NA"]
[PlyCount "57"]
[EventDate "2018.12.28"]
[EventType "swiss"]
[EventCountry "ENG"]
[SourceTitle "playchess.com"]
[Source "ChessBase"]
[SourceQuality "1"]
[TimeControl "40/6000+30:3000+30"]

1. e4 e6 2. d4 d5 3. Nd2 c5 4. exd5 exd5 5. Bb5+ Nc6 6. Ngf3 Bd6 7. dxc5 Bxc5 8. O-O Nge7 9. c3 O-O 10. Nb3 Bd6 11. Nbd4 Bg4 12. Be2 a6 13. Be3 Qc7 14. h3 Bd7 15. Qd2 Rfd8 16. Rfd1 Na5 17. b3 Rac8 18. Rac1 b5 19. Bd3 Ng6 20. Ne2 Be7 21. Nf4 Nxf4 22. Bxf4 Qb6 23. Be3 Qc7 24. Bf4 Qb6 25. Be3 Qc7 26. Nd4 g6 27. Bf4 Qb6 28. Be5 Re8 29. Nf3 1/2-1/2

[Event "94th Tradewise Hastings Congress"]
[Site "Hastings"]
[Date "2019.01.04"]
[Round "8"]
[White "Graham, Cassie M"]
[Black "Sugden, John N"]
[Result "1/2-1/2"]
[ECO "B26"]
[WhiteElo "1889"]
[BlackElo "2072"]
[Annotator "NA"]
[PlyCount "64"]
[EventDate "2018.12.28"]
[EventType "swiss"]
[EventCountry "ENG"]
[SourceTitle "playchess.com"]
[Source "ChessBase"]
[SourceQuality "1"]
[TimeControl "40/6000+30:3000+30"]

1. e4 c5 2. Nc3 Nc6 3. g3 g6 4. Bg2 Bg7 5. d3 d6 6. Be3 e5 7. Nge2 Nge7 8. O-O O-O 9. Qd2 Nd4 10. Nd1 Bg4 11. f3 Be6 12. c3 Nxe2+ 13. Qxe2 Qd7 14. Nf2 f5 15. Qd2 Nc6 16. Rfd1 b6 17. b3 Rad8 18. Bg5 Rde8 19. Rac1 d5 20. exd5 Bxd5 21. Re1 Nd8 22. Bh6 Bxh6 23. Qxh6 Nf7 24. Qe3 Bc6 25. f4 Bxg2 26. Kxg2 Qc6+ 27. Qf3 Qxf3+ 28. Kxf3 Re7 29. Re3 Rfe8 30. Rce1 g5 31. fxg5 Nxg5+ 32. Kg2 Kf8 1/2-1/2

[Event "94th Tradewise Hastings Congress"]
[Site "Hastings"]
[Date "2019.01.04"]
[Round "8"]
[White "Gu, In Jung"]
[Black "Kjartansson, Gudmundur"]
[Result "0-1"]
[ECO "B18"]
[WhiteElo "1794"]
[BlackElo "2415"]
[Annotator "NA"]
[PlyCount "80"]
[EventDate "2018.12.28"]
[EventType "swiss"]
[EventCountry "ENG"]
[SourceTitle "playchess.com"]
[Source "ChessBase"]
[SourceQuality "1"]
[TimeControl "40/6000+30:3000+30"]

1. e4 c6 2. d4 d5 3. Nc3 dxe4 4. Nxe4 Bf5 5. Ng3 Bg6 6. Nf3 Nf6 7. Ne5 Nbd7 8. Nd3 e6 9. Be2 Bd6 10. Bf3 e5 11. dxe5 Nxe5 12. Nxe5 Bxe5 13. Qe2 O-O 14. O-O Re8 15. Qc4 Qc7 16. Rb1 Rad8 17. Be3 Nd5 18. Bc5 b6 19. Ba3 b5 20. Qb3 a5 21. Bc5 a4 22. Qa3 Bxc2 23. Rbc1 Bg6 24. Rfd1 Bf4 25. Ra1 Bc2 26. Rd4 Re3 27. fxe3 Bxe3+ 28. Kh1 Bxd4 29. Rc1 b4 30. Bxb4 Qe5 31. Rxc2 Nxb4 32. Qxb4 Qe3 33. Ne2 Bc3 34. Rd2 Bxd2 35. Qxa4 Ba5 36. h3 Bc7 37. Qb3 Qxb3 38. axb3 Rd1+ 39. Ng1 Rc1 40. g4 Bb6 0-1

[Event "94th Tradewise Hastings Congress"]
[Site "Hastings"]
[Date "2019.01.05"]
[Round "9"]
[White "Hawkins, Jonathan"]
[Black "Lalic, Bogdan"]
[Result "1/2-1/2"]
[ECO "D96"]
[WhiteElo "2583"]
[BlackElo "2420"]
[Annotator "ChessBase"]
[PlyCount "59"]
[EventDate "2018.12.28"]
[EventType "swiss"]
[EventCountry "ENG"]
[SourceTitle "playchess.com"]
[Source "ChessBase"]
[SourceQuality "1"]
[TimeControl "40/6000+30:3000+30"]

1. d4 Nf6 2. c4 g6 3. Nc3 d5 4. Nf3 Bg7 5. Qb3 dxc4 6. Qxc4 Be6 7. Qb5+ Bd7 8. Qb3 c5 9. dxc5 Na6 10. Ne5 O-O 11. Qa3 Qc7 12. Nxd7 Qxd7 13. e4 Qc6 14. Bxa6 bxa6 15. f3 Nd7 16. Be3 Ne5 17. Kf2 Rab8 18. Nd5 Kh8 19. Nxe7 Qe6 20. Nd5 Rxb2+ 21. Kg3 Nc4 22. Qd3 Nxe3 23. Nxe3 f5 24. f4 fxe4 25. Qd6 Qf7 26. Rhf1 Re2 27. Rae1 Qxa2 28. c6 Rd2 29. Qb4 Rd4 30. Qc5 1/2-1/2

[Event "94th Tradewise Hastings Congress"]
[Site "Hastings"]
[Date "2019.01.05"]
[Round "9"]
[White "Sulskis, Sarunas"]
[Black "Gormally, Daniel W"]
[Result "1/2-1/2"]
[ECO "C42"]
[WhiteElo "2525"]
[BlackElo "2478"]
[Annotator "ChessBase"]
[PlyCount "91"]
[EventDate "2018.12.28"]
[EventType "swiss"]
[EventCountry "ENG"]
[SourceTitle "playchess.com"]
[Source "ChessBase"]
[SourceQuality "1"]
[TimeControl "40/6000+30:3000+30"]

1. e4 e5 2. Nf3 Nf6 3. Nxe5 d6 4. Nf3 Nxe4 5. d4 d5 6. Bd3 Bf5 7. O-O Be7 8. Re1 Nc6 9. Bb5 O-O 10. Nbd2 Bd6 11. c3 Nxd2 12. Bxd2 Ne7 13. Nh4 Be4 14. f3 Bg6 15. g3 c6 16. Bf1 Nf5 17. Nxg6 hxg6 18. Bh3 Qc7 19. Qe2 c5 20. dxc5 Qxc5+ 21. Qf2 d4 22. cxd4 Qxd4 23. Bxf5 Qxf2+ 24. Kxf2 gxf5 25. Rad1 Rfd8 26. Be3 b6 27. f4 Be7 28. Kf3 Bf6 29. b3 Rac8 30. h3 Rxd1 31. Rxd1 Rc2 32. Rd2 Rxd2 33. Bxd2 Kf8 34. g4 fxg4+ 35. hxg4 Ke7 36. Ke4 Kd6 37. f5 g5 38. Be3 Kc6 39. a4 a6 40. Bf2 Bb2 41. Kd3 b5 42. axb5+ axb5 43. Ke4 f6 44. Be3 Kd6 45. Ba7 Kc6 46. Bg1 {Kd5+ Kd4+} 1/2-1/2

[Event "94th Tradewise Hastings Congress"]
[Site "Hastings"]
[Date "2019.01.05"]
[Round "9"]
[White "Cherniaev, Alexander"]
[Black "Korneev, Oleg"]
[Result "1/2-1/2"]
[ECO "C48"]
[WhiteElo "2393"]
[BlackElo "2550"]
[Annotator "ChessBase"]
[PlyCount "25"]
[EventDate "2018.12.28"]
[EventType "swiss"]
[EventCountry "ENG"]
[SourceTitle "playchess.com"]
[Source "ChessBase"]
[SourceQuality "1"]
[TimeControl "40/6000+30:3000+30"]

1. e4 e5 2. Nf3 Nc6 3. Nc3 Nf6 4. Bb5 Nd4 5. Nxd4 exd4 6. e5 dxc3 7. exf6 Qxf6 8. dxc3 Bc5 9. Qe2+ Qe6 10. O-O Qxe2 11. Bxe2 d6 12. Bf4 O-O 13. Bd3 1/2-1/2

[Event "94th Tradewise Hastings Congress"]
[Site "Hastings"]
[Date "2019.01.05"]
[Round "9"]
[White "Bates, Richard A"]
[Black "Lyell, Mark"]
[Result "1/2-1/2"]
[ECO "A04"]
[WhiteElo "2372"]
[BlackElo "2317"]
[Annotator "NA"]
[PlyCount "48"]
[EventDate "2018.12.28"]
[EventType "swiss"]
[EventCountry "ENG"]
[SourceTitle "playchess.com"]
[Source "ChessBase"]
[SourceQuality "1"]
[TimeControl "40/6000+30:3000+30"]

1. Nf3 f5 2. g3 Nf6 3. Bg2 g6 4. d4 Bg7 5. O-O O-O 6. c4 d6 7. Nc3 Qe8 8. b3 Na6 9. Ba3 c6 10. Qd3 Nc7 11. e4 fxe4 12. Nxe4 Bf5 13. Nxf6+ Bxf6 14. Qd2 Qd7 15. Rfe1 Bh3 16. Qh6 Bxg2 17. Kxg2 Qf5 18. Qh3 Qc2 19. Qg4 a5 20. Re4 a4 21. Ne1 Qd2 22. Nf3 Qc2 23. Ne1 Qd2 24. Nf3 Qc2 1/2-1/2

[Event "94th Tradewise Hastings Congress"]
[Site "Hastings"]
[Date "2019.01.05"]
[Round "9"]
[White "Djuric, Stefan"]
[Black "Payne, Matthew J"]
[Result "1-0"]
[ECO "C10"]
[WhiteElo "2371"]
[BlackElo "2182"]
[Annotator "NA"]
[PlyCount "59"]
[EventDate "2018.12.28"]
[EventType "swiss"]
[EventCountry "ENG"]
[SourceTitle "playchess.com"]
[Source "ChessBase"]
[SourceQuality "1"]
[TimeControl "40/6000+30:3000+30"]

1. e4 e6 2. d4 d5 3. Nc3 Nc6 4. Nf3 Nf6 5. e5 Ne4 6. a3 f5 7. exf6 Qxf6 8. Bd3 Nxc3 9. bxc3 h6 10. O-O Bd6 11. Re1 O-O 12. Qe2 g5 13. Ne5 Bxe5 14. dxe5 Qg7 15. h4 Nd8 16. hxg5 hxg5 17. Qh5 Nf7 18. Rb1 c5 19. c4 dxc4 20. Bxc4 Qh7 21. Qe2 Kg7 22. Rb3 Rh8 23. Rh3 Qg8 24. Rxh8 Kxh8 25. Bd3 Bd7 26. Qh5+ Kg7 27. Bxg5 Nxg5 28. Qxg5+ Kf8 29. Qe3 b6 30. Qf3+ 1-0

[Event "94th Tradewise Hastings Congress"]
[Site "Hastings"]
[Date "2019.01.05"]
[Round "9"]
[White "Taylor, Adam C"]
[Black "Rice, Chris B"]
[Result "1-0"]
[ECO "E62"]
[WhiteElo "2331"]
[BlackElo "1963"]
[Annotator "NA"]
[PlyCount "107"]
[EventDate "2018.12.28"]
[EventType "swiss"]
[EventCountry "ENG"]
[SourceTitle "playchess.com"]
[Source "ChessBase"]
[SourceQuality "1"]
[TimeControl "40/6000+30:3000+30"]

1. g3 Nf6 2. Nf3 g6 3. c4 Bg7 4. Nc3 O-O 5. Bg2 d6 6. d4 Nc6 7. d5 Na5 8. Nd2 c5 9. a3 Nd7 10. Qc2 Ne5 11. b3 a6 12. Rb1 Qc7 13. f4 Ng4 14. Qd3 Bd4 15. Nd1 b5 16. Bb2 Bxb2 17. Nxb2 Bd7 18. O-O Rab8 19. h3 Nf6 20. Qc3 b4 21. axb4 cxb4 22. Qd4 Nb7 23. Nd3 a5 24. e4 Nc5 25. Nxc5 dxc5 26. Qe3 a4 27. e5 Nh5 28. g4 Ng7 29. bxa4 Bxa4 30. Ra1 Bc2 31. Nb3 Bxb3 32. Qxb3 f6 33. Qe3 Qb6 34. d6 exd6 35. Bd5+ Kh8 36. exf6 Rxf6 37. f5 gxf5 38. g5 Rg6 39. Bf7 Rf8 40. h4 Qd8 41. Ra7 Rxf7 42. Rxf7 h6 43. Ra1 hxg5 44. h5 Re6 45. Qf3 g4 46. Ra8 Re1+ 47. Kf2 Re2+ 48. Kf1 gxf3 49. Rxd8+ Kh7 50. Rdd7 Rg2 51. Rxd6 Kg8 52. Rb7 b3 53. h6 b2 54. hxg7 1-0

[Event "94th Tradewise Hastings Congress"]
[Site "Hastings"]
[Date "2019.01.05"]
[Round "9"]
[White "Peek, Marcel"]
[Black "Snape, Ian L"]
[Result "1/2-1/2"]
[ECO "A43"]
[WhiteElo "2293"]
[BlackElo "2112"]
[Annotator "NA"]
[PlyCount "66"]
[EventDate "2018.12.28"]
[EventType "swiss"]
[EventCountry "ENG"]
[SourceTitle "playchess.com"]
[Source "ChessBase"]
[SourceQuality "1"]
[TimeControl "40/6000+30:3000+30"]

1. d4 c5 2. d5 g6 3. e4 d6 4. c4 Nf6 5. Nc3 Bg7 6. Nf3 O-O 7. Be2 e6 8. h3 exd5 9. exd5 a6 10. a4 Nbd7 11. O-O h6 12. Ne1 Re8 13. Bf4 Nf8 14. Bh2 Ne4 15. Nxe4 Rxe4 16. Bd3 Re8 17. Rb1 f5 18. Qc2 Qf6 19. f4 a5 20. Nf3 Bd7 21. Bg3 Nh7 22. Be1 Qd8 23. b3 Qf6 24. Kh1 b6 25. Bd2 Re7 26. Rbe1 Rae8 27. Qd1 Qf7 28. Rxe7 Rxe7 29. Re1 Nf6 30. Rxe7 Qxe7 31. Qe1 Ne4 32. Kh2 Bf6 33. g3 Kf7 1/2-1/2